 Dungeon Crawl Stone Soup version 0.27-a0-46-g34d46f0a3f (webtiles) character file.

Game seed: 18056501300238585422

16 Borgoz the Ruffian (level 2, 0/25 HPs)
             Began as a Ghoul Gladiator on Jan 6, 2021.
             Slain by a hobgoblin
             ... wielding a cursed +0 club
              (3 damage)
             ... on level 1 of the Dungeon.
             The game lasted 00:00:20 (193 turns).

Borgoz the Ruffian (Ghoul Gladiator)                 Turns: 193, Time: 00:00:21

Health: 0/25       AC:  4    Str: 17    XL:     2   Next: 58%
Magic:  1/1        EV: 12    Int:  3    God:
Gold:   21         SH:  0    Dex: 10    Spells: 1/1 levels left

rFire    . . .     SeeInvis .     - Unarmed
rCold    + . .     Faith    .   (no shield)
rNeg     + + +     Spirit   .   a - +0 leather armour
rPois    ∞         Reflect  .   b - +0 helmet
rElec    .         Harm     .   (no cloak)
rCorr    .         Rampage  .   (no gloves)
Will     .....                  (no boots)
Stlth    +.........             (no amulet)
HPRegen  0.00/turn              (no ring)
MPRegen  0.07/turn              (no ring)

@: no status effects
A: claws 1, cold resistance 1, negative energy resistance 3, inhibited
regeneration, torment resistance, unbreathing
a: no special abilities


You were on level 1 of the Dungeon.
You visited 1 branch of the dungeon, and saw 1 of its levels.

You collected 21 gold pieces.

Inventory:

Missiles
 c - 3 throwing nets (quivered)
Armour
 a - a +0 leather armour (worn)
 b - a +0 helmet (worn)
Scrolls
 e - 3 scrolls of remove curse {unknown}
Potions
 d - a potion of resistance {unknown}


   Skills:
 + Level 2.5 Fighting
 - Level 1.7 Throwing
 * Level 3.1 Dodging
 + Level 3.5 Unarmed Combat


You had one spell level left.
You didn't know any spells.
Your spell library was empty.

Dungeon Overview and Level Annotations

Branches:
Dungeon (1/15)

Altars:


Innate Abilities, Weirdness & Mutations

You thrive by killing the living.
You are immune to poison.
You have sharp fingernails.
Your flesh is cold resistant. (rC+)
You are immune to negative energy. (rN+++)
You do not regenerate when monsters are visible.
You are immune to unholy pain and torment.
You can survive without breathing.


Message History

The jackal misses you.
You barely miss the jackal.
The jackal bites you but does no damage.
The jackal closely misses you.
A hobgoblin comes into view.
You barely miss the jackal.
The hobgoblin shouts!
The jackal bites you but does no damage.
You barely miss the jackal. The jackal barely misses you.
You barely miss the jackal. The jackal bites you.
* * * LOW HITPOINT WARNING * * *
The jackal bites you.
* * * LOW HITPOINT WARNING * * *
You closely miss the jackal.
The jackal bites you but does no damage.
You scratch the jackal.
You kill the jackal!
You closely miss the hobgoblin.
The hobgoblin hits you with a cursed +0 club.
You die...

#!.. > #...... ###...
#...... #..... ###.#..
#....# #.##. #....# # #.
#....# #####.##. #....#
#...#....
#...g###########.#.#####
#..>bgg@................
################.#####.#
........#.# #...
..........####.†#
.....##.#)...#...
...............##
.##.###.#.#......
#.#...#.... #.#........


You could see 3 hobgoblins and a bat.

Vanquished Creatures
  A leopard gecko (D:1)
  2 goblins (D:1)
  4 jackals (D:1)
  A kobold (D:1)
  4 bats (D:1)
  A frilled lizard (D:1)
  2 rats (D:1)
15 creatures vanquished.

Notes
Turn   | Place    | Note
-------+----------+-------------------------------------------
     0 | D:1      | Borgoz the Ghoul Gladiator began the quest for the Orb.
     0 | D:1      | Reached XP level 1. HP: 17/17 MP: 0/0
    71 | D:1      | Reached XP level 2. HP: 22/25 MP: 1/1
   193 | D:1      | Slain by a hobgoblin

Illustrated notes

Levels and vault maps discovered:
D:1:      saegor_arrival_simple_e, layout_basic

Skill      XL: |  1  2 |
---------------+-------+-----
Dodging        | 3 |  3.1
Fighting       | |  2.5
Throwing       | |  1.7
Unarmed Combat | |  3.5

Action                   || total
-------------------------++-------
Melee: Unarmed           ||    61
Armor: Leather armour    ||    31
Dodge: Dodged            ||    85

Table legend: (Time is in decaauts)
 A = Elapsed time spent in this place.
 B = Non-inter-level travel time spent in this place.
 C = Inter-level travel time spent in this place.
 D = Time resting spent in this place.
 E = Time spent auto-exploring this place.
 F = Levels seen in this place.
 G = Mean time per level.
                   A        B        C        D        E       F      G
               +--------+--------+--------+--------+--------+-----+--------+
         Total |    188 |    188 |      0 |     14 |     91 |   1 |  188.0 |
       Dungeon |    188 |    188 |      0 |     14 |     91 |   1 |  188.0 |
               +--------+--------+--------+--------+--------+-----+--------+

Top non-repeatable levels by time:
     D:1: 188 daAuts
